 Dungeon Crawl Stone Soup version 0.18-b1-10-g3f7de93 (webtiles) character file.

1446 Slimper123 the Shield-Bearer (level 8, 0/52 HPs)
             Began as a Gargoyle Fighter on Apr 29, 2016.
             Slain by a black mamba (11 damage)
             ... on level 6 of the Dungeon.
             The game lasted 00:35:24 (5841 turns).

Slimper123 the Shield-Bearer (Gargoyle Fighter)     Turns: 5841, Time: 00:35:25

Health: 0/52       AC: 15    Str: 22    XL:     8   Next: 75%
Magic:  8/8        EV: 11    Int:  9    God:
Gold:   85         SH: 10    Dex:  9    Spells: 0 memorised, 7 levels left

rFire  . . .     SeeInvis .     a - +1 war axe
rCold  . . .     Gourm    .     u - +0 chain mail
rNeg   + . .     Faith    .     c - +0 shield
rPois  ∞         Spirit   .     (no helmet)
rElec  +         Dismiss  .     (no cloak)
rCorr  .         Reflect  .     (no gloves)
SustAt .         Harm     .     (no boots)
MR     .....                    (no amulet)
Stlth  ..........               (no ring)
                                D - +5 ring of evasion

@: not resistant to hostile enchantments, extremely unstealthy
A: negative energy resistance 1, electricity resistance, unbreathing,
petrification resistance, rot immunity, AC +5
a: no special abilities


You were on level 6 of the Dungeon.
You were not hungry.

You visited 1 branch of the dungeon, and saw 6 of its levels.
You also visited: Ossuary.

You collected 303 gold pieces.
You spent 218 gold pieces at shops.

Inventory:

Hand Weapons
 a - a +1 war axe (weapon)
 e - a +0 hand axe
 l - a +0 dagger
Armour
 b - a +0 scale mail
 c - a +0 shield (worn)
 h - a +0 chain mail
 u - a +0 chain mail (worn)
Jewellery
 o - an uncursed ring of fire
 y - an uncursed amulet of the gourmand
 D - a +5 ring of evasion (left hand)
 E - an uncursed ring of ice
 F - an uncursed ring of fire
Wands
 q - a wand of iceblast (0/15)
 s - a wand of polymorph (3/24)
Scrolls
 g - 2 scrolls of magic mapping
 j - a scroll of amnesia
 w - 7 scrolls of identify
 x - a scroll of remove curse {unknown}
 A - 2 scrolls of teleportation {unknown}
 C - a scroll of enchant armour
Potions
 i - a potion of haste {unknown}
 k - 4 potions of lignification
 m - a potion of flight
 n - 2 potions of experience
 p - a potion of degeneration {unknown}
 r - a potion of resistance
 t - 2 potions of curing
 v - a potion of magic {unknown}
 B - a potion of agility
 G - 3 potions of cancellation {unknown}
 H - 2 potions of brilliance {unknown}
 I - 2 potions of ambrosia {unknown}
Books
 d - a book of Transfigurations

   Spells                             Type                      Level
   a - Irradiate                      Conjuration/Transmutation    5
   b - Statue Form                    Transmutation/Earth          6
   c - Hydra Form                     Transmutation                6
   d - Dragon Form                    Transmutation                7
 z - a book of Callings

   Spells                             Type                      Level
   a - Summon Small Mammal            Summoning                    1
   b - Call Imp                       Summoning                    2
   c - Call Canine Familiar           Summoning                    3
   d - Summon Guardian Golem          Hexes/Summoning              3
   e - Summon Lightning Spire         Summoning/Air                4
   f - Summon Ice Beast               Ice/Summoning                4
Comestibles
 f - 3 bread rations


   Skills:
 + Level 6.6 Fighting
 + Level 4.9 Axes
 + Level 6.6 Armour
 + Level 6.8 Shields


You had 7 spell levels left.
You didn't know any spells.

Dungeon Overview and Level Annotations

Branches:
Dungeon (6/15)             Temple (0/1) D:5

Altars:
Dithmenos
Gozag
Zin

Shops:
D:5 !?*?%

Annotations:
D:2 Sigmund
D:4 Grinder


Innate Abilities, Weirdness & Mutations

You are resistant to torment.
Your stone body is resilient (AC +5).
You are immune to poison.
You resist negative energy.
You are resistant to electric shocks.
You can survive without breathing.
You are immune to petrification.
You are immune to rotting.


Message History

Press: ? - help, Shift-Dir - straight line, f - troll
Aim: a troll
Okay, then.
Unknown command.
Unknown command.
Unknown command.
Evoke which item? (* to show all) (? for menu, Esc to quit)
Zapping:
s - a wand of polymorph {zapped: 4} (will waste charges)
Press: ? - help, Shift-Dir - straight line, f - troll
Aim: a troll (chance to defeat MR: 46%)
The troll evaporates and reforms as a black mamba!
Evoking this partially-identified wand wasted a few charges.
The black mamba bites you!
Your chain mail prevents you from hitting the black mamba.
The black mamba bites you. The black mamba barely misses you.
You completely miss the black mamba. You block the black mamba's attack.
The black mamba bites you.
* * * LOW HITPOINT WARNING * * *
The black mamba bites you!
You die...

##.....### #.
..########...### #..
#.##....8##..#8# #...
#.##..........#
#...#####.##..........###
..........##.....##.....#
........................#
#.......................#
#.......†(....S@..[)....#
......######.....)......##
..... ## #......<......#
.... +..####[......#....#
... #....)...##+##......#
#. #........# #....### #
#........# #....#
...........# #....#
...........# .....#


You could see a black mamba.

Vanquished Creatures
  A swamp drake (D:4)
  An ice beast (D:5)
  2 ogres
  A gnoll sergeant (D:4)
  2 centaur zombies (Ossuary)
  2 gnoll shamans (D:4)
  3 orc priests
  2 orc wizards
  Natasha (twice) (D:2)
  2 worker ants
  2 big kobold zombies (Ossuary)
  2 mummies (Ossuary)
  38 gnolls (D:4)
  7 adders
  A shadow imp (D:5)
  An ooze (D:4)
  3 adder zombies (Ossuary)
  An adder skeleton (D:4)
  3 dart slugs
  2 giant geckos
  9 orcs
  11 giant cockroaches
  4 goblins
  8 hobgoblins
  19 jackals
  3 quokkas
  5 bats
  A giant gecko skeleton (D:5)
  A giant gecko zombie (D:5)
  5 giant newts
  2 goblin zombies (Ossuary)
  9 hobgoblin zombies (Ossuary)
  A jackal zombie (D:6)
  7 kobolds
  8 kobold zombies (Ossuary)
  11 orc zombies (Ossuary)
  8 rats
190 creatures vanquished.

Vanquished Creatures (others)
  2 orcs (D:5)
  A quokka skeleton (D:5)
3 creatures vanquished.

Grand Total: 193 creatures vanquished

Notes
Turn   | Place    | Note
--------------------------------------------------------------
     0 | D:1      | Slimper123 the Gargoyle Fighter began the quest for the Orb.
     0 | D:1      | Reached XP level 1. HP: 14/14 MP: 1/1
   120 | D:1      | Reached XP level 2. HP: 19/19 MP: 2/2
   588 | D:1      | Reached XP level 3. HP: 23/23 MP: 3/3
   946 | D:2      | Noticed Natasha
   957 | D:2      | Killed Natasha
   957 | D:2      | Reached XP level 4. HP: 25/29 MP: 4/4
  1265 | D:2      | Noticed Natasha
  1275 | D:2      | Killed Natasha
  1528 | D:2      | Noticed Sigmund
  1537 | D:2      | Reached XP level 5. HP: 26/33 MP: 5/5
  2259 | D:3      | Found an opulent altar of Gozag.
  2884 | D:4      | Reached XP level 6. HP: 22/39 MP: 6/6
  3292 | D:4      | Reached skill level 5 in Armour
  3391 | D:4      | Reached skill level 5 in Shields
  3470 | D:4      | Reached skill level 5 in Fighting
  3470 | D:4      | Reached XP level 7. HP: 25/44 MP: 7/7
  4047 | D:4      | Noticed Grinder
  4066 | D:4      | Paralysed by Grinder for 4 turns
  4089 | D:4      | Paralysed by Grinder for 4 turns
  4096 | D:4      | Paralysed by Grinder for 7 turns
  4128 | D:5      | Entered Level 5 of the Dungeon
  4128 | D:5      | Found Yriereturr's Food Shoppe.
  4610 | D:4      | Found a shadowy altar of Dithmenos.
  4665 | D:4      | Reached XP level 8. HP: 46/51 MP: 8/8
  4866 | D:5      | Found Zugocom's Distillery.
  4911 | D:5      | Bought a potion of flight for 30 gold pieces
  4911 | D:5      | Bought a potion of agility for 40 gold pieces
  4952 | D:5      | Found a staircase to the Ecumenical Temple.
  4969 | D:5      | Found Cihag's General Store.
  4974 | D:5      | Bought a scroll of identify for 22 gold pieces
  4974 | D:5      | Bought a scroll of identify for 22 gold pieces
  4974 | D:5      | Bought a scroll of enchant armour for 82 gold pieces
  4974 | D:5      | Bought a scroll of identify for 22 gold pieces
  4980 | D:5      | Found Togoext's Magic Scroll Shoppe.
  4991 | D:5      | Found Jyshromec's Magic Scroll Shop.
  5139 | D:5      | Found a glowing silver altar of Zin.
  5254 | D:6      | Found a sand-covered staircase.
  5264 | Ossuary  | Entered an ossuary
  5826 | D:6      | Noticed a troll
  5839 | D:6      | Noticed a black mamba
  5839 | D:6      | a troll changed into a black mamba
  5841 | D:6      | Slain by a black mamba

Skill      XL: |  1  2  3  4  5  6  7  8 |
---------------+-------------------------+-----
Axes           | 2 3 4 |  4.9
Armour         | 4 5 6 |  6.6
Shields        | 4 5 6 |  6.8
Fighting       | 4 5 6 |  6.6

Action                   |  1- 3 |  4- 6 |  7- 9 || total
-------------------------+-------+-------+-------++-------
Melee: War axe           |    92 |   285 |   334 ||   711
Evoke: Wand              |       |     4 |     3 ||     7
  Use: Scroll            |       |     6 |       ||     6
       Potion            |       |       |     3 ||     3
  Eat: Chunk             |       |     2 |       ||     2
       Bread ration      |       |     1 |     1 ||     2
       Beef jerky        |       |     2 |       ||     2
       Meat ration       |       |       |     1 ||     1
Armor: Scale mail        |    76 |    26 |       ||   102
       Chain mail        |       |   183 |   169 ||   352
Dodge: Dodged            |    31 |    86 |   117 ||   234
Block: Shield            |    50 |   198 |   176 ||   424
